 Dungeon Crawl Stone Soup version 0.31-a0-182-gc5ef74bbde (webtiles) character file.

Game seed: 13666787409719072090

16696 olmar the Martial Artist (level 12, -7/103 HPs)
             Began as a Naga Transmuter on June 21, 2023.
             Was an Initiate of Gozag.
             Mangled by a six-headed hydra (12 damage)
             ... on level 3 of the Lair of Beasts.
             The game lasted 00:30:24 (15615 turns).

olmar the Martial Artist (Naga Transmuter)         Turns: 15615, Time: 00:30:24

Health: -7/103     AC: 12    Str: 12    XL:     12   Next: 40%
Magic:  22/22      EV: 10    Int: 28    God:    Gozag
Gold:   630        SH:  0    Dex: 12    Spells: 5/24 levels left

rFire   + .          .
                       - Unarmed
rCold   + . .        (no shield)
rNeg    . . .        G - +2 robe {Archmagi}
rPois   +            (no helmet)
rElec   +            d - +2 cloak
rCorr   +            y - +1 pair of gloves
SInv    +            (no barding)
Will    ++...        (no amulet)
Stlth   +++          j - +6 ring of intelligence
HPRegen 0.37/turn    E - ring of Spite {rCorr Int+3}
MPRegen 0.18/turn

%: archmagi
@: resistant, enlightened, flying, studying Maces & Flails, invisible, very slow
A: AC +4, large, see invisible, deformed body, poison resistance, slowness 2,
spit poison 1, naga tail 1
a: Spit Poison, Renounce Religion, Potion Petition, Call Merchant, Bribe Branch


You were on level 3 of the Lair of Beasts.
You worshipped Gozag.
Gozag was pleased with you.
You visited 3 branches of the dungeon, and saw 14 of its levels.
You also visited: Bailey and Gauntlet.

You collected 2962 gold pieces.
You paid 2332 gold pieces to Gozag.

Inventory:

Missiles
 f - 8 atropa-tipped darts
 p - 4 datura-tipped darts
 q - a throwing net
 t - 40 poisoned darts
 C - 13 curare-tipped darts (quivered)
 H - 27 boomerangs
 I - 3 javelins
Armour
 a - a +0 robe
 d - a +2 cloak (worn)
 y - a +1 pair of gloves (worn)
 G - a +2 robe of the Archmagi (worn)
Jewellery
 h - a +5 ring of evasion
 j - a +6 ring of intelligence (left hand)
 n - a ring of flight
 A - a +6 ring of strength
 B - a ring of protection from cold
 E - the ring of Spite (right hand) {rCorr Int+3}
   (You found it in a Gauntlet)

   [ring of resist corrosion]

   Int:       It affects your intelligence (+3).
   rCorr:     It protects you from acid and corrosion.
 F - a ring of wizardry
Wands
 b - a wand of polymorph (4)
 e - a wand of flame (3)
 u - a wand of digging (4)
 D - a wand of charming (3)
 J - a wand of iceblast (7)
Scrolls
 g - 2 scrolls of enchant weapon
 l - 6 scrolls of identify
 o - 2 scrolls of silence
 s - a scroll of noise
 v - a scroll of torment {unknown}
 x - 5 scrolls of fog
Potions
 i - 3 potions of attraction
 m - 2 potions of magic
 r - a potion of cancellation
 w - 5 potions of brilliance
 z - 2 potions of mutation
Miscellaneous
 c - a phantom mirror (inert)


   Skills:
 + Level 5.4 Fighting
 - Level 2.1 Dodging
 + Level 7.2 Stealth
 + Level 14.3 Unarmed Combat
 + Level 6.7 Spellcasting
 + Level 8.2 Transmutations
 + Level 0.8 Air Magic
 + Level 7.6 Poison Magic


You had 5 spell levels left.
You knew the following spells:

 Your Spells              Type           Power      Damage    Failure   Level
a - Beastly Appendage     Tmut           100%       N/A       1%          1
b - Wereblood             Tmut           70%        N/A       1%          2
c - Spider Form           Tmut/Pois      69%        N/A       1%          3
d - Ignite Poison         Fire/Tmut/Pois 56%        N/A       1%          3
e - Olgreb's Toxic Radia  Pois           68%        N/A       2%          4
f - Poisonous Vapours     Pois/Air       100%       N/A       1%          2
g - Ice Form              Ice/Tmut       49%        N/A       10%         4

Your spell library contained the following spells:

 Spells                   Type           Power      Damage    Failure   Level
 Sting                    Tmut/Pois      100%       1d8       1%          1
 Necrotise                Necr           56%        1d6       5%          1
 Frozen Ramparts          Ice            28%        1d5       16%         3
 Ozocubu's Armour         Ice            14%        N/A       16%         3
 Inner Flame              Hex/Fire       14%        N/A       17%         3
 Stone Arrow              Conj/Erth      28%        3d8       17%         3
 Vampiric Draining        Necr           14%        2d7       17%         3
 Yara's Violent Unravell  Hex/Tmut       24%        3d11      28%         5
 Animate Armour           Summ/Erth      28%        N/A       50%         4
 Sticky Flame             Conj/Fire      14%        2d4       50%         4
 Summon Ice Beast         Ice/Summ       14%        N/A       50%         4
 Agony                    Necr           14%        N/A       83%         5
 Metabolic Englaciation   Hex/Ice        7%         N/A       83%         5
 Enfeeble                 Hex            7%         N/A       100%        7
 Ignition                 Fire           7%         3d4       100%        8
 Lehudib's Crystal Spear  Conj/Erth      7%         10d3      100%        8
 Simulacrum               Ice/Necr       Unusable   N/A       N/A         6

Dungeon Overview and Level Annotations

Branches:
Dungeon (10/15)            Temple (1/1) D:4            Lair (3/5) D:10
  Swamp (0/4) Lair:2       Bailey (visited)         Gauntlet (visited)
  Snake: Lair:2-3    Spider: Lair:2-3       Orc: D:9-12

Altars:
Ashenzari
Cheibriados
Dithmenos
Elyvilon
Fedhas
Gozag
Hepliaklqana
Kikubaaqudgha
Makhleb
Nemelex Xobeh
Okawaru
Qazlal
Ru
Sif Muna
Trog
Uskayaw
Vehumet
Xom
Yredelemnul
Zin
The Shining One

Shops:
D:10 *

Annotations:
D:2 1 runed translucent door, Crazy Yiuf
Lair:1 exclusion: oklob plant


Innate Abilities, Weirdness & Mutations

Your serpentine skin is tough. (AC +4)
You have supernaturally acute eyesight. (SInv)
Armour fits poorly on your strangely shaped body.
Your system is resistant to poisons. (rPois)
You cover ground very slowly.
You can spit poison.
You have a snake-like lower body.


Message History

Aim: a six-headed hydra (78% to hit, immune to nets)
You throw a throwing net.
The throwing net hits the six-headed hydra.
The six-headed hydra is too large for the net to hold!
The sentinel's mark upon you fades away.
The six-headed hydra bites you but does no damage. x2
The six-headed hydra bites you!
The six-headed hydra bites you but does no damage.
The six-headed hydra bites you!
The six-headed hydra bites you but does no damage.
Unknown command.
Unknown command.
Throw: 14 darts (curare)
Press: ? - help, Q - select action, (/) - cycle Shift-Dir - straight line, f/p - six-headed hydra
Aim: a six-headed hydra (78% to hit)
You throw a curare-tipped dart.
The curare-tipped dart hits the six-headed hydra.
The six-headed hydra closely misses you.
The six-headed hydra misses you. The six-headed hydra bites you!
* * * LOW HITPOINT WARNING * * *
The six-headed hydra bites you.
* * * LOW HITPOINT WARNING * * *
The six-headed hydra bites you.
* * * LOW HITPOINT WARNING * * *
The six-headed hydra bites you!
* * * LOW HITPOINT WARNING * * *
Unknown command.
Unknown command. [a] - 286 gold - curing and magic [b] - 784 gold - resistance, enlightenment, heal wounds, curing and berserk rage [c] - 667 gold - resistance, enlightenment and invisibility Purchase which effect?
You no longer have enough gold to fund merchants seeking to open stores in the dungeon.
You feel protected.
You feel very buoyant.
You fly up into the air.
You fade into invisibility!
The six-headed hydra closely misses you.
The six-headed hydra bites you!
You die...
Your body crumbles into a pile of gold.

,,** *,*****,*,,,,,,,,,, ,,,*
*,*,***,,,*>,,,,,,, ,,,*
*,,,,##*,,*,,,,,,,, ,,**
**,*.P#,,,,,,,,,,*, ,**
*,,,..#,,,,,,*,,,*, **
**,#..##.<,,,**,,,, *
####.....,,,,**,,,,,
#.#...##..>,*,,*,,,,
####.@.......*,,,,>,,,
##...D##......,,*****##
##P...#.#......,*** #.
#..............,#,##* ##
*****#*###......####P...,,.#.#*#.
*,*,*#P#P.......####*,#..,,...##.
,,,,,#.....#.$.......###..,*#....
*,,,,...........##.#.,..#.###P...
,,,,,..#...P...##**#,,,..........


You could see a six-headed hydra (unable to see you).

Vanquished Creatures
  Erica (D:8)
  2 two-headed ogres
  An orc knight (Bailey)
  A gargoyle (D:10)
  2 komodo dragons (Lair:2)
  A tyrant leech (Lair:2)
  A hornet (D:9)
  12 blink frogs
  A wraith (D:10)
  19 yaks
  3 chaos spawn (Gauntlet)
  A steam dragon (Lair:1)
  A wyvern (Lair:3)
  A neqoxec (Gauntlet)
  A vampire mosquito (D:10)
  10 water moccasins
  4 swamp worms (Lair:2)
  10 orc warriors
  A black bear (D:7)
  10 wolves
  A sky beast (D:7)
  2 ogres
  A phantom (D:5)
  A centaur (D:7)
  10 kobold brigands
  A gnoll sergeant (D:7)
  9 bullfrogs
  3 scorpions
  A howler monkey (D:5)
  4 crimson imps (D:9)
  A hound (D:4)
  4 jellies
  4 orc priests
  6 iguanas
  5 sleepcaps
  Terence (D:2)
  7 orc wizards
  5 gnolls
  6 adders
  A shadow imp (D:7)
  5 dart slugs
  32 orcs
  5 bats
  6 endoplasms
  3 giant cockroaches
  11 goblins
  7 hobgoblins
  4 jackals (D:4)
  2 quokkas
  7 ball pythons
  6 frilled lizards
  27 kobolds
  3 rats
274 creatures vanquished.

Vanquished Creatures (collateral kills)
  A minotaur (Gauntlet)
  A tyrant leech (Lair:2)
  A yak (D:10)
3 creatures vanquished.

Vanquished Creatures (others)
  A vampire mosquito (D:10)
  A hound (D:7)
2 creatures vanquished.

Grand Total: 279 creatures vanquished

Notes
Turn   | Place    | Note
-------+----------+-------------------------------------------
     0 | D:1      | olmar the Naga Transmuter began the quest for the Orb.
     0 | D:1      | Reached XP level 1. HP: 18/18 MP: 3/3
   337 | D:1      | Reached XP level 2. HP: 25/25 MP: 5/5
   378 | D:1      | Learned a level 2 spell: Wereblood
   601 | D:1      | Reached XP level 3. HP: 28/31 MP: 6/6
   626 | D:1      | Found a faded altar of an unknown god.
  1183 | D:2      | Found a runed translucent door.
  1184 | D:2      | Noticed Crazy Yiuf
  1344 | D:2      | Noticed Terence
  1418 | D:2      | Reached skill level 1 in Stealth
  1568 | D:2      | Learned a level 3 spell: Spider Form
  1894 | D:2      | Killed Terence
  1895 | D:2      | Reached skill level 4 in Unarmed Combat
  1895 | D:2      | Reached XP level 4. HP: 38/38 MP: 4/7
  3144 | D:3      | Found a burning altar of Makhleb.
  3144 | D:3      | Noticed a balrug
  3209 | D:3      | You fall into a shaft and drop 1 floor!
  3295 | D:4      | Found a broken altar of Ashenzari.
  3326 | D:4      | Reached skill level 1 in Poison Magic
  3326 | D:4      | Reached XP level 5. HP: 14/44 MP: 5/8
  3618 | D:3      | Found an iron altar of Okawaru.
  3835 | D:4      | Reached XP level 6. HP: 51/51 MP: 3/9
  3891 | D:4      | Found a staircase to the Ecumenical Temple.
  3896 | Temple   | Entered the Ecumenical Temple
  4055 | Temple   | Became a worshipper of Gozag Ym Sagoz the Greedy
  4374 | D:4      | Reached skill level 5 in Unarmed Combat
  4732 | D:5      | Entered Level 5 of the Dungeon
  4777 | D:5      | Reached XP level 7. HP: 37/58 MP: 7/10
  4908 | D:5      | Found a white marble altar of Elyvilon.
  4908 | D:5      | Found a hazy altar of Hepliaklqana.
  5190 | D:5      | Reached skill level 6 in Unarmed Combat
  5662 | D:5      | Reached XP level 8. HP: 60/67 MP: 5/11
  6011 | D:6      | Reached skill level 7 in Unarmed Combat
  6339 | D:6      | Found a blossoming altar of Fedhas.
  6383 | D:6      | Found a stormy altar of Qazlal.
  7069 | D:7      | Reached skill level 8 in Unarmed Combat
  7228 | D:7      | Learned a level 3 spell: Ignite Poison
  7481 | D:7      | Found a shimmering blue altar of Sif Muna.
  7521 | D:7      | Reached skill level 5 in Stealth
  7521 | D:7      | Reached skill level 5 in Transmutations
  7530 | D:7      | Reached XP level 9. HP: 26/74 MP: 7/13
  7752 | D:7      | Found a sacrificial altar of Ru.
  7759 | D:7      | Found a shadowy altar of Dithmenos.
  8466 | D:8      | Found a radiant altar of Vehumet.
  8479 | D:8      | Reached skill level 9 in Unarmed Combat
  8579 | D:8      | Noticed Erica
  8595 | D:8      | Killed Erica
  9506 | D:9      | Noticed a hornet
  9507 | D:9      | Found an ancient bone altar of Kikubaaqudgha.
  9526 | D:9      | Noticed a two-headed ogre
  9569 | D:9      | Killed a two-headed ogre
  9570 | D:9      | Reached skill level 10 in Unarmed Combat
  9570 | D:9      | Reached skill level 5 in Poison Magic
  9570 | D:9      | Reached XP level 10. HP: 48/85 MP: 11/16
  9615 | D:9      | HP: 4/85 [poisoned by a hornet]
  9629 | D:9      | Found a shimmering altar of Xom.
  9710 | D:9      | HP: 4/127 [yak (9)]
  9810 | D:9      | Found a flagged portal.
  9850 | Bailey   | Entered a bailey
  9999 | Bailey   | Reached skill level 11 in Unarmed Combat
 10162 | Bailey   | Reached skill level 5 in Spellcasting
 10251 | Bailey   | Noticed an orc knight
 10262 | Bailey   | Killed an orc knight
 10275 | Bailey   | Found a bloodstained altar of Trog.
 10523 | D:9      | Identified the +2 ring mail of the First People {Rampage
                  | rPois rF+ Slay-4}
 10896 | D:10     | Entered Level 10 of the Dungeon
 10953 | D:10     | Noticed a gargoyle
 11085 | D:10     | Found Foejiy's Demolitions Depot.
 11112 | D:10     | Reached XP level 11. HP: 52/93 MP: 14/18
 11440 | D:10     | Reached skill level 12 in Unarmed Combat
 11547 | D:10     | Noticed a two-headed ogre
 11563 | D:10     | Killed a two-headed ogre
 11852 | D:10     | Found a staircase to the Lair.
 11992 | Lair:1   | Entered Level 1 of the Lair of Beasts
 12762 | D:10     | Reached skill level 5 in Fighting
 13240 | Lair:1   | Learned a level 4 spell: Olgreb's Toxic Radiance
 13243 | Lair:1   | Learned a level 2 spell: Poisonous Vapours
 13338 | Lair:1   | Noticed an oklob plant
 13626 | Lair:1   | You fall into a shaft and drop 1 floor!
 13931 | Lair:2   | Reached skill level 13 in Unarmed Combat
 14440 | Lair:2   | Found a staircase to the Swamp.
 14764 | Lair:2   | Reached XP level 12. HP: 89/103 MP: 18/21
 14993 | Lair:2   | Noticed a four-headed hydra
 15045 | Lair:3   | Learned a level 4 spell: Ice Form
 15057 | Lair:3   | Reached skill level 14 in Unarmed Combat
 15099 | Lair:3   | Found a gate leading to a gauntlet.
 15117 | Gauntlet | Entered a Gauntlet
 15117 | Gauntlet | Found a transporter.
 15156 | Gauntlet | Found a transporter.
 15159 | Gauntlet | Found a transporter.
 15160 | Gauntlet | Found a transporter.
 15197 | Gauntlet | Found a transporter.
 15200 | Gauntlet | Found a transporter.
 15201 | Gauntlet | Found a transporter.
 15205 | Gauntlet | Found a runed translucent door.
 15206 | Gauntlet | Found a runed translucent door.
 15209 | Gauntlet | Found a transporter.
 15212 | Gauntlet | Found a transporter.
 15213 | Gauntlet | Found a transporter.
 15224 | Gauntlet | Found a transporter.
 15224 | Gauntlet | Found a transporter.
 15225 | Gauntlet | Found a transporter.
 15232 | Gauntlet | Noticed a reaper
 15234 | Gauntlet | Found a transporter.
 15341 | Gauntlet | Identified the ring of Spite {rCorr Int+3}
 15403 | Gauntlet | Noticed a minotaur
 15411 | Gauntlet | Killed a minotaur
 15592 | Lair:3   | Noticed a six-headed hydra
 15614 | Lair:3   | HP: 5/103 [six-headed hydra (11)]
 15615 | Lair:3   | Mangled by a six-headed hydra

Illustrated notes

Levels and vault maps discovered:
D:1:      matt_arrival_refuge, layout_loops_ring,
          hellmonk_ecumenical_altar_inner_sanctum, st_stairs_3,
          chequers_serial_rivers_micro_d
D:2:      layout_loops_corners, uniq_terence, uniq_crazy_yiuf_cottage
D:3:      layout_rooms, okawaru_altar_gauntlet_db, makhleb_altar_promises_db
D:4:      layout_basic, mainiacjoe_overflow_tiny_flanked,
          minmay_temple_entry_butterflies,
          hangedman_abyss_or_decor_jellyfish_corner
D:5:      layout_basic, gammafunk_temple_overflow_wave
D:6:      layout_rooms, grunt_temple_overflow_forces_of_nature,
          nicolae_nh_ransacked_shop
D:7:      layout_rooms, mainiacjoe_overflow_big_doors, lemuel_blue_sif_altar,
          kennysheep_opposing_triangles
D:8:      layout_basic, lemuel_tele_altar, uniq_erica
D:9:      layout_gridville, mainiacjoe_overflow_alcove_4, led_xom_imps,
          enter_bailey_5, kennysheep_decorative_pillar
D:10:     layout_stronghold, lair_entry_dummy, minmay_misc_feat_rows,
          minmay_misc_feat_four_crosses, nicolae_blasting_shop, minivault_4
Temple:   grunt_temple_mini_profane
Lair:1:   layout_gridlike, minmay_lair_oklob_bushes, infiniplex_staircase_pool_2
Lair:2:   layout_hall_layers, minmay_swamp_entry_worms,
          nicolae_snake_entry_warm_welcome
Lair:3:   layout_misc_corridors, gauntlet_entry_generic,
          nicolae_lair_run_with_the_wolves, serial_bayou_shore_b

Skill      XL: |  1  2  3  4  5  6  7  8  9 10 11 12 |
---------------+-------------------------------------+-----
Stealth        | 1 2 3 4 5 6 7 |  7.2
Dodging        | 2 |  2.1
Unarmed Combat | 4 5 6 8 10 11 13 14 | 14.3
Poison Magic   | 1 2 3 4 5 6 7 |  7.6
Transmutations | 3 4 5 6 7 8 |  8.2
Fighting       | 2 4 5 |  5.4
Spellcasting   | 4 5 6 |  6.7
Air Magic      | |  0.8

Action                     |  1- 3 |  4- 6 |  7- 9 | 10-12 || total
---------------------------+-------+-------+-------+-------++-------
  Melee: Unarmed           |   144 |   132 |   299 |   413 ||   988
         Headbutt          |     5 |     5 |     8 |    10 ||    28
         Punch             |       |     3 |     5 |    15 ||    23
  Throw: Dart              |       |       |     3 |     7 ||    10
         Throwing net      |       |       |     3 |     1 ||     4
   Cast: Beastly Appendage |     7 |     6 |     3 |     7 ||    23
         Wereblood         |     2 |    13 |    23 |    21 ||    59
         Spider Form       |       |     7 |    25 |    21 ||    53
         Ignite Poison     |       |       |     1 |       ||     1
         Olgreb's Toxic Ra |       |       |       |     7 ||     7
         Poisonous Vapours |       |       |       |     2 ||     2
         Ice Form          |       |       |       |     2 ||     2
 Invoke: Potion Petition   |       |       |       |     5 ||     5
Ability: Spit Poison       |     3 |     9 |     5 |     7 ||    24
  Evoke: Wand              |       |       |     2 |    43 ||    45
         Phantom mirror    |       |       |       |     2 ||     2
    Use: Potion            |     1 |     1 |     3 |     5 ||    10
         Scroll            |       |     2 |     9 |    14 ||    25
   Stab: Sleeping          |     2 |     2 |     2 |       ||     6
         Distracted        |       |     2 |       |     2 ||     4
         Invisible         |       |       |       |     3 ||     3
 Armour: Robe              |    28 |    11 |    13 |    58 ||   110
         Skin              |     1 |     3 |    10 |    34 ||    48
  Dodge: Dodged            |    78 |    74 |   196 |   305 ||   653

Table legend: (Time is in decaauts)
 A = Elapsed time spent in this place.
 B = Non-inter-level travel time spent in this place.
 C = Inter-level travel time spent in this place.
 D = Time resting spent in this place.
 E = Time spent auto-exploring this place.
 F = Levels seen in this place.
 G = Mean time per level.
                   A        B        C        D        E       F      G
               +--------+--------+--------+--------+--------+-----+--------+
         Total |  18445 |  17986 |    459 |   3710 |  10247 |  16 | 1152.8 |
       Dungeon |  14439 |  14014 |    425 |   2919 |   7953 |  10 | 1443.9 |
        Temple |    245 |    213 |     32 |      0 |    201 |   1 |  245.0 |
          Lair |   2846 |   2846 |      0 |    551 |   1750 |   3 |  948.7 |
        Bailey |    558 |    558 |      0 |    171 |    173 |   1 |  558.0 |
      Gauntlet |    354 |    354 |      0 |     68 |    167 |   1 |  354.0 |
               +--------+--------+--------+--------+--------+-----+--------+

Top non-repeatable levels by time:
    D:10: 2260 daAuts
     D:7: 1679 daAuts
     D:2: 1624 daAuts
  Lair:2: 1556 daAuts
     D:4: 1401 daAuts
     D:1: 1320 daAuts
     D:8: 1296 daAuts
     D:5: 1277 daAuts
     D:3: 1224 daAuts
     D:6: 1180 daAuts
     D:9: 1176 daAuts
  Lair:1: 958 daAuts
  Bailey: 558 daAuts
Gauntlet: 354 daAuts
  Lair:3: 332 daAuts
